 Dungeon Crawl Stone Soup version 0.23-a0-241-g3b46b07 (console) character file.

32 nht the Vexing (level 3, 0/24 HPs)
             Began as a Vampire Enchanter on Sept 26, 2018.
             Slain by an adder (3 damage)
             ... on level 2 of the Dungeon.
             The game lasted 00:01:56 (946 turns).

nht the Vexing (Vampire Enchanter)                   Turns: 946, Time: 00:01:56

Health: 0/24       AC:  2    Str:  7    XL:     3   Next: 10%
Magic:  6/6        EV: 12    Int: 18    God:
Gold:   84         SH:  0    Dex: 14    Spells: 5/6 levels left

rFire    . . .     SeeInvis +   a - +1 dagger
rCold    . . .     Gourm    .   (no shield)
rNeg     . . .     Faith    .   b - +0 robe
rPois    .         Spirit   .   (no helmet)
rElec    .         Reflect  .   (no cloak)
rCorr    .         Harm     .   (no gloves)
MR       .....                  (no boots)
Stlth    +++.......             (no amulet)
HPRegen  0.28/turn              (no ring)
MPRegen  0.10/turn              (no ring)

@: lethally poisoned (0 -> 0), regenerating quickly
A: fangs 3, see invisible, unbreathing
a: no special abilities


You were on level 2 of the Dungeon.
You were very full.

You visited 1 branch of the dungeon, and saw 2 of its levels.

You collected 84 gold pieces.

Inventory:

Hand Weapons
 a - a +1 dagger (weapon)
 e - a -3 dagger
Armour
 b - a +0 robe (worn)
Scrolls
 g - a scroll of teleportation
Potions
 c - a potion of mutation
 f - 2 potions of magic


   Skills:
 * Level 2.8 Short Blades
 - Level 2.1 Dodging
 - Level 4.4 Stealth
 - Level 2.0 Spellcasting
 + Level 5.1 Hexes


You had 5 spell levels left.
You knew the following spells:

 Your Spells              Type           Power        Failure   Level  Hunger
a - Corona                Hex            ###....      2%          1    #......

Your spell library contained the following spells:

 Spells                   Type           Power        Failure   Level  Hunger
 Confuse                  Hex            ###.....     7%          3    ###....
 Tukima's Dance           Hex            ###.....     7%          3    ###....
 Ensorcelled Hibernation  Hex/Ice        ##....       10%         2    ###....
 Dazzling Spray           Conj/Hex       ##....       19%         3    ###....


Dungeon Overview and Level Annotations

Branches:
Dungeon (2/15)

Altars:


Innate Abilities, Weirdness & Mutations

Your natural rate of healing is unusually fast.
You have razor-sharp teeth.
You have supernaturally acute eyesight. (SInv)
You can survive without breathing.


Message History

You hit the adder. Your bite misses the adder.
The adder is severely wounded.
The adder bites you but does no damage.
You hit the adder.
The adder is almost dead.
The adder misses you.
You miss the adder.
The adder is almost dead.
The adder bites you.
* * * LOW HITPOINT WARNING * * *
You hit the adder.
The adder is almost dead.
You feel sick. The adder bites you but does no damage.
Casting: Corona (safe; 2% risk of failure)
Confirm with . or Enter, or press ? or * to list all spells.
You don't know that spell.
You barely miss the adder.
The adder is almost dead.
The adder bites you.
You die...

█.........█...█.█.█.█.......█.█.
..........█.█.█.█.█.......█.█.█.
..........█.....█...........█.█.
..........█.█.......█.███.███.█.
.....███....█.......█.█.....█.█.
..... ....█.█████.█.█.█.....█.
..................█...█.
..$.......███.█.█.█...█.
......S@..+...█.█.....█.
.█........█████.███.█.█.
█........+ ..........█.
█........█ ██.█..<███.
+.█....... █.█.....█. █
█.......█ █........█. █.......█
█..█.███... ......... █..█. █.█.
█ █. .....


You could see an adder.

Vanquished Creatures
  2 adders (D:2)
  4 bats (D:1)
  3 goblins
  2 hobgoblins
  2 kobolds (D:2)
  A rat (D:1)
14 creatures vanquished.

Notes
Turn   | Place    | Note
-------+----------+-------------------------------------------
     0 | D:1      | nht the Vampire Enchanter began the quest for the Orb.
     0 | D:1      | Reached XP level 1. HP: 13/13 MP: 3/3
   508 | D:1      | Reached XP level 2. HP: 19/19 MP: 5/5
   832 | D:2      | Reached skill level 5 in Hexes
   832 | D:2      | Reached XP level 3. HP: 12/24 MP: 6/6
   946 | D:2      | Slain by an adder

Vault maps used:
D:1:      dpeg_arrival_tiny_h
D:2:      minitemple, gammafunk_temple_overflow_statue,
          chequers_ecumenical_altar_simple, uniq_natasha

Skill      XL: |  1  2 |
---------------+-------+-----
Short Blades   | 2 |  2.8
Hexes          | 5 |  5.1
Dodging        | |  2.1
Stealth        | |  4.4
Spellcasting   | |  2.0

Action                   || total
-------------------------++-------
Melee: Dagger            ||    64
       Bite              ||     5
  Use: Scroll            ||     4
       Potion            ||     7
 Stab: Sleeping          ||     4
Armor: Robe              ||     8
Dodge: Dodged            ||    40

Table legend:
 A = Non-vault XP
 B = Vault XP
 C = Vault XP percentage of total XP
 D = Non-vault monster count
 E = Vault monster count
 F = Vault count percentage of total count
                 A         B        C        D         E       F
            +---------+---------+-------+---------+---------+-------
      Total |      47 |       0 |   0.0 |      14 |       0 |   0.0
            +---------+---------+-------+---------+---------+-------
        D:1 |      12 |       0 |   0.0 |       7 |       0 |   0.0
        D:2 |      35 |       0 |   0.0 |       7 |       0 |   0.0
            +---------+---------+-------+---------+---------+-------
